 Dungeon Crawl Stone Soup version 0.29.1-4-g47bece8355 (webtiles) character file.

Game seed: 6428793631668010598

2816 fishmans the Basher (level 9, -2/52 HPs)
             Began as a Gargoyle Fighter on Dec 8, 2022.
             Was an Elder of Okawaru.
             Slain by a two-headed ogre
             ... wielding a +0 giant spiked club
              (30 damage)
             ... on level 5 of the Dungeon.
             The game lasted 00:33:13 (10432 turns).

fishmans the Basher (Gargoyle Fighter)             Turns: 10432, Time: 00:33:14

Health: -2/52      AC: 21    Str: 23    XL:     9   Next: 72%
Magic:  11/11      EV:  6    Int: 10    God:    Okawaru [****..]
Gold:   355        SH:  4    Dex:  9    Spells: 8/8 levels left

rFire   . . .      SeeInvis .   w - +0 morningstar
rCold   . . .      Faith    .   c - +0 buckler
rNeg    + . .      Spirit   .   n - +0 plate armour
rPois   ∞          Reflect  .   B - +0 helmet
rElec   +          Harm     .   (no cloak)
rCorr   .          Rampage  .   j - +0 pair of gloves
Will    .....                   (no boots)
Stlth   ..........              (no amulet)
HPRegen 0.17/turn               (no ring)
MPRegen 0.12/turn               (no ring)

@: no status effects
A: sickness immunity, AC +6, negative energy resistance 1, electricity
resistance, torment resistance 1, petrification resistance
a: Renounce Religion, Heroism, Finesse


You were on level 5 of the Dungeon.
You worshipped Okawaru.
Okawaru was greatly pleased with you.
You visited 1 branch of the dungeon, and saw 7 of its levels.

You collected 355 gold pieces.

Inventory:

Hand Weapons
 a - a +0 flail
 w - a +0 morningstar (weapon)
 y - a +0 vorpal flail
Missiles
 l - 22 boomerangs
Armour
 b - a +0 scale mail
 c - a +0 buckler (worn)
 e - a +0 chain mail
 j - a +0 pair of gloves (worn)
 n - a +0 plate armour (worn)
 B - a +0 helmet (worn)
Jewellery
 p - a ring of positive energy
 u - a ring of positive energy
Wands
 s - a wand of light (13)
 v - a wand of flame (31) (quivered)
 C - a wand of roots (19)
Scrolls
 f - a scroll of amnesia
 t - 4 scrolls of teleportation
 x - a scroll of acquirement {unknown}
 z - a scroll of enchant armour {unknown}
 A - a scroll of poison {unknown}
 D - a scroll of enchant weapon {unknown}
Potions
 d - 2 potions of might
 g - 4 potions of degeneration
 h - a potion of ambrosia {unknown}
 i - a potion of curing {unknown}
 k - a potion of lignification {unknown}
 m - 2 potions of flight
 o - 2 potions of brilliance {unknown}
 q - 4 potions of mutation {unknown}
 r - a potion of attraction {unknown}


   Skills:
 - Level 4.2 Fighting
 + Level 11.4 Maces & Flails
 - Level 6.2 Armour
 - Level 4.2 Shields
 + Level 2.8 Invocations


You had 8 spell levels left.
You didn't know any spells.
Your spell library contained the following spells:

 Spells                   Type           Power      Damage    Failure   Level
 Slow                     Hex            0%         N/A       100%        1
 Confusing Touch          Hex            0%         N/A       100%        3
 Vampiric Draining        Necr           0%         2d6       100%        3
 Leda's Liquefaction      Hex/Erth       0%         N/A       100%        4
 Lee's Rapid Deconstruct  Erth           0%         3d5*      100%        5
 Summon Small Mammal      Summ           Unusable   N/A       N/A         1
 Call Canine Familiar     Summ           Unusable   N/A       N/A         3
 Summon Guardian Golem    Hex/Summ       Unusable   N/A       N/A         3
 Statue Form              Tmut/Erth      Unusable   N/A       N/A         6

Dungeon Overview and Level Annotations

Branches:
Dungeon (7/15)             Temple (0/1) D:5

Altars:
Ashenzari
Fedhas
Kikubaaqudgha
Makhleb
Okawaru
Uskayaw
Wu Jian
Zin

Shops:
D:4 *   D:7 *=*[


Innate Abilities, Weirdness & Mutations

You are immune to sickness and miasma.
Your stone body is resilient. (AC +6)
You are immune to poison.
You resist negative energy. (rN+)
You are resistant to electric shocks. (rElec)
You are resistant to unholy torment.
You are immune to petrification.


Message History

The roots erupt in riotous growth!
The grasping roots constrict the two-headed ogre.
The roots release their grip on the two-headed ogre.
Aiming: Fastroot
Press: ? - help, Q - select action, (/) - cycle Shift-Dir - straight line, f - two-headed ogre
Aim: a two-headed ogre, wielding a +0 giant spiked club and a +0 giant club (lightly wounded)
The roots erupt in riotous growth!
Roots grab the two-headed ogre.
The grasping roots constrict the two-headed ogre.
The two-headed ogre struggles to escape constriction.
Aiming: Fastroot
Press: ? - help, Q - select action, (/) - cycle Shift-Dir - straight line, f/p - two-headed ogre
Aim: a two-headed ogre, wielding a +0 giant spiked club and a +0 giant club (moderately wounded, constricted by roots)
The roots erupt in riotous growth!
The two-headed ogre is unaffected.
The grasping roots constrict the two-headed ogre.
The two-headed ogre escapes!
Aiming: Fastroot
Press: ? - help, Q - select action, (/) - cycle Shift-Dir - straight line, f/p - two-headed ogre
Aim: a two-headed ogre, wielding a +0 giant spiked club and a +0 giant club (moderately wounded)
Okay, then.
Aiming: Throw Flame
Press: ? - help, Q - select action, (/) - cycle Shift-Dir - straight line, f/p - two-headed ogre
Aim: a two-headed ogre, wielding a +0 giant spiked club and a +0 giant club (moderately wounded, 85% to hit)
The puff of flame hits the two-headed ogre!
The two-headed ogre is heavily wounded.
You completely miss the two-headed ogre.
The two-headed ogre is heavily wounded.
The two-headed ogre hits you with a +0 giant spiked club!!
You block the two-headed ogre's attack.
You thump the two-headed ogre!
The two-headed ogre is severely wounded.
You barely miss the two-headed ogre.
The two-headed ogre is severely wounded.
The two-headed ogre barely misses you.
The two-headed ogre hits you with a +0 giant club.
You hit the two-headed ogre.
The two-headed ogre is almost dead.
The two-headed ogre hits you with a +0 giant spiked club!!
Ouch! That really hurt!
You die...

.####....##..##..#.#..##..#
.# ####....##..##.##..##.#
.# ##.#.....##...##....# .#
####..#...⌠....>....⌠..# .#
#....#.<....##...##....# .#
#.####...##..##.##..##(#
.###.####....##..#.#..##..#
...........#..##O....##..##
...###.........#@.⌠..#..##
......)####.##.........##
.......# #..###...#####
.......# ##.###..##
.......#####..##.##
.........##......#
.................##
..................#
..................#


You could see a two-headed ogre.

Vanquished Creatures
  4 humans (D:7)
  A water moccasin (D:7)
  An orc warrior (D:6)
  A black bear (D:7)
  2 ogres
  A centaur (D:6)
  A phantom (D:7)
  A kobold brigand (D:7)
  Blork the orc (D:4)
  2 necrophages
  8 scorpions
  4 killer bees (D:7)
  4 howler monkeys
  3 jellies
  An orc priest (D:5)
  4 hounds
  Terence (D:3)
  3 iguanas
  An orc wizard (D:5)
  3 gnolls (D:7)
  8 adders
  A shadow imp (D:6)
  2 white imps
  An ufetubus (D:4)
  3 worms
  3 dart slugs
  31 orcs
  8 ball pythons
  5 endoplasms
  2 giant cockroaches
  5 goblins
  6 hobgoblins
  3 quokkas
  5 bats
  3 frilled lizards
  10 kobolds
  9 rats
152 creatures vanquished.

Notes
Turn   | Place    | Note
-------+----------+-------------------------------------------
     0 | D:1      | fishmans the Gargoyle Fighter began the quest for the Orb.
     0 | D:1      | Reached XP level 1. HP: 14/14 MP: 1/1
   118 | D:1      | Found a faded altar of an unknown god.
   270 | D:1      | Reached XP level 2. HP: 19/19 MP: 2/2
  1091 | D:2      | Reached XP level 3. HP: 23/23 MP: 3/3
  1825 | D:2      | Reached XP level 4. HP: 26/29 MP: 4/4
  2983 | D:3      | Reached skill level 3 in Maces & Flails
  2983 | D:3      | Reached XP level 5. HP: 26/33 MP: 5/5
  2993 | D:3      | Noticed Terence
  3139 | D:3      | Killed Terence
  3354 | D:3      | Noticed a +0 short sword
  3355 | D:3      | Noticed a +0 dagger
  3355 | D:3      | Noticed a +0 spear
  3355 | D:3      | Noticed a +0 falchion
  3356 | D:3      | Noticed a +0 falchion
  3356 | D:3      | Noticed a +0 short sword
  3356 | D:3      | Noticed a +0 dagger
  3358 | D:3      | Noticed a +0 spear
  3362 | D:3      | Found a hide-covered altar of Uskayaw.
  3772 | D:4      | Found Gomeinixt's Neck Hole.
  3808 | D:4      | Found an iron altar of Okawaru.
  3809 | D:4      | Found an ornate altar of the Wu Jian Council.
  3815 | D:4      | Became a worshipper of Warmaster Okawaru
  3817 | D:4      | Noticed Blork the orc
  3827 | D:4      | Killed Blork the orc
  3828 | D:4      | Reached skill level 5 in Armour
  3828 | D:4      | Reached XP level 6. HP: 16/38 MP: 6/6
  4114 | D:4      | Reached skill level 4 in Maces & Flails
  4270 | D:4      | Found an ancient bone altar of Kikubaaqudgha.
  4686 | D:5      | Entered Level 5 of the Dungeon
  4686 | D:5      | Noticed a two-headed ogre
  4898 | D:5      | Reached * piety under Okawaru
  4956 | D:5      | Reached XP level 7. HP: 6/43 MP: 7/7
  5274 | D:5      | Found a staircase to the Ecumenical Temple.
  5446 | D:5      | Reached skill level 5 in Maces & Flails
  6395 | D:6      | Reached skill level 6 in Maces & Flails
  6695 | D:6      | Reached ** piety under Okawaru
  7013 | D:6      | Reached XP level 8. HP: 48/48 MP: 8/8
  7038 | D:6      | Reached skill level 7 in Maces & Flails
  7337 | D:6      | Found a faded altar of an unknown god.
  7337 | D:6      | Found a blossoming altar of Fedhas.
  7345 | D:6      | Found a glowing silver altar of Zin.
  7350 | D:6      | Found a broken altar of Ashenzari.
  7352 | D:6      | Found a faded altar of an unknown god.
  7745 | D:6      | Reached skill level 8 in Maces & Flails
  8266 | D:7      | Reached skill level 9 in Maces & Flails
  8499 | D:7      | Found Biryuxax's Armour Boutique.
  8502 | D:7      | Identified the +6 rapier "Nehexaik" {drain, rF+ Str+2}
  8569 | D:7      | Found Pilidi's General Store.
  8610 | D:7      | Found Nuemuw's Jewellery Shop.
  8687 | D:7      | Reached *** piety under Okawaru
  8688 | D:7      | Reached XP level 9. HP: 44/52 MP: 9/9
  8745 | D:7      | Found a burning altar of Makhleb.
  8909 | D:7      | Reached skill level 10 in Maces & Flails
  9138 | D:7      | Found Tuiheproagh's Assorted Antiques.
  9378 | D:7      | Reached skill level 11 in Maces & Flails
  9463 | D:7      | Reached skill level 1 in Invocations
  9481 | D:7      | Reached **** piety under Okawaru
 10432 | D:5      | Slain by a two-headed ogre

Illustrated notes

Levels and vault maps discovered:
D:1:      evilmike_arrival_plus, layout_loops_ring,
          shapermc_ecumenical_altar_venn
D:2:      layout_basic, minmay_shallow_snake_nest
D:3:      layout_rooms, nicolae_uskayaw_en_pointe, uniq_terence
D:4:      layout_basic, mainiacjoe_overflow_alcove_4,
          chequers_temple_overflow_statue_of_worship, minivault_11,
          nicolae_shop_sticking_my_neck_out, uniq_blork_the_orc
D:5:      layout_rooms, minmay_temple_entry_waves, skrybe_limestone_x,
          sigmund_army
D:6:      layout_loops_ring, chequers_temple_overflow_minitemple
D:7:      layout_loops_ring, old_standard_altar, serial_shops,
          nicolae_shop_trees, shop, nicolae_square_shop, shop, minmay_ruffians

Skill      XL: |  1  2  3  4  5  6  7  8  9 |
---------------+----------------------------+-----
Fighting       | 4 |  4.2
Shields        | 4 |  4.2
Armour         | 4 5 6 |  6.2
Maces & Flails | 3 4 6 9 11 | 11.4
Invocations    | 2 |  2.8

Action                   |  1- 3 |  4- 6 |  7- 9 || total
-------------------------+-------+-------+-------++-------
Melee: Flail             |   122 |   177 |   227 ||   526
       Morningstar       |       |       |   225 ||   225
Throw: Boomerang         |       |       |     6 ||     6
Invok: Heroism           |       |       |     4 ||     4
Evoke: Wand              |       |       |     5 ||     5
  Use: Scroll            |     2 |     8 |       ||    10
       Potion            |       |       |     3 ||     3
Armor: Scale mail        |     9 |       |       ||     9
       Chain mail        |    77 |    13 |       ||    90
       Plate armour      |       |    97 |   336 ||   433
Dodge: Dodged            |    57 |    37 |   143 ||   237
Block: Buckler           |    31 |    41 |   100 ||   172
